 Dungeon Crawl Stone Soup version 0.30.1-9-gdf580d7c3d (webtiles) character file.

Game seed: 6647127264730664211

86 lonewolfV2 the Conjurer (level 4, -13/30 HPs)
             Began as a Demonspawn Conjurer on Oct 24, 2023.
             Mangled by an ogre
             ... wielding a +0 giant spiked club
              (19 damage)
             ... on level 5 of the Dungeon.
             The game lasted 00:04:11 (2163 turns).

lonewolfV2 the Conjurer (Demonspawn Conjurer)       Turns: 2163, Time: 00:04:11

Health: -13/30     AC:  3    Str:  8    XL:     4   Next: 26%
Magic:  0/9        EV: 12    Int: 21    God:
Gold:   106        SH:  0    Dex: 11    Spells: 7/10 levels left

rFire   . . .        (no weapon)
rCold   . . .        (no shield)
rNeg    . . .        a - +0 robe
rPois   .            g - +0 helmet
rElec   .            (no cloak)
rCorr   .            (no gloves)
SInv    .            (no boots)
Will    .....        (no amulet)
Stlth   ++           (no ring)
HPRegen 0.25/turn    (no ring)
MPRegen 0.11/turn

%: no passive effects
@: very slightly contaminated
A: demonic guardian 1, sturdy frame 1
a: no special abilities


You were on level 5 of the Dungeon.
You visited 1 branch of the dungeon, and saw 4 of its levels.

You collected 106 gold pieces.

Inventory:

Armour
 a - a +0 robe (worn)
 g - a +0 helmet (worn)
Potions
 b - a potion of magic
 d - 2 potions of might {unknown}
 e - a potion of lignification {unknown}
 f - a potion of haste {unknown}
 h - a potion of brilliance {unknown}
 i - 2 potions of curing {unknown}
 j - a potion of invisibility {unknown}


   Skills:
 - Level 1.7 Dodging
 - Level 1.7 Stealth
 * Level 3.6 Spellcasting
 + Level 4.6 Conjurations


You had 7 spell levels left.
You knew the following spells:

 Your Spells              Type           Power      Damage    Failure   Level
a - Magic Dart            Conj           92%        1d7       1%          1
b - Searing Ray           Conj           46%        2d6       2%          2

Your spell library contained the following spells:

 Spells                   Type           Power      Damage    Failure   Level
 Dazzling Flash           Conj/Hex       26%        N/A       14%         3
 Fulminant Prism          Conj/Hex       6%         3d7       43%         4
 Iskenderun's Mystic Bla  Conj/Tloc      13%        2d5       43%         4
 Irradiate                Conj/Tmut      6%         3d13      80%         5
 Blade Hands              Tmut           1%         N/A       98%         5
 Dragon Form              Tmut           1%         N/A       100%        7


Dungeon Overview and Level Annotations

Branches:
Dungeon (3/15)

Altars:
Cheibriados

Shops:
D:1 [


Innate Abilities, Weirdness & Mutations

A weak demonic guardian rushes to your aid.
Your movements are slightly less encumbered by armour. (ER -2)


Message History

The searing ray hits the ogre!
The ogre is moderately wounded.
The searing ray hits the orc.
You kill the orc!
The searing ray hits the jelly.
The jelly is moderately wounded. (Press . to maintain the ray.)
Something hits you.
The searing ray hits the ogre!
The ogre is heavily wounded.
The searing ray hits the jelly!
The jelly is almost dead.
The searing ray hits something!
The ogre hits you with a +0 giant spiked club!
Ouch! That really hurt!
A demonic guardian appears!
Something hits you.
* * * LOW HITPOINT WARNING * * *
The searing ray hits the ogre.
The ogre is severely wounded.
Your white imp completely misses the jelly.
The ogre misses you. The jelly hits you but does no damage. Something hits you.
* * * LOW HITPOINT WARNING * * *
As you read the scroll of fog, it crumbles to dust.
The scroll dissolves into smoke.
The jelly closely misses you. Something hits you.
* * * LOW HITPOINT WARNING * * *
Your white imp gestures at the jelly.
The puff of frost hits the jelly!
The jelly dies!
You have reached level 4!
You feel stronger.
Casting: Searing Ray (safe; 2% risk of failure)
Confirm with . or Enter, or press ? or * to list all spells.
Aiming: Magic Dart (safe; 1% risk of failure)
Press: ? - help, Shift-Dir - straight line The magic dart hits the ogre.
The ogre is almost dead.
The ogre hits you with a +0 giant spiked club!!
Ouch! That really hurt!
You die...

#... #........#
....#+######........#
...........#........#
...........#........#
...........##.......#
#................#
#§§5.............#
#§§§.......##....# .
#@O).............# ..
+§{...............
...####§................
.........#+###....##....
###......# #....##....
+......# #....##....
#......# ............
....##........!...).....
.... ###+####...........


You could see an ogre (ally target) and a friendly white imp (summoned).

Vanquished Creatures
  2 adders (D:2)
  A dart slug (D:2)
  An orc (D:5)
  5 endoplasms
  4 giant cockroaches
  A goblin (D:1)
  2 hobgoblins
  2 quokkas
  4 ball pythons
  3 bats (D:1)
  3 frilled lizards
  3 kobolds
  5 rats
36 creatures vanquished.

Vanquished Creatures (collateral kills)
  A jelly (D:5)
1 creature vanquished.

Grand Total: 37 creatures vanquished

Notes
Turn   | Place    | Note
-------+----------+-------------------------------------------
     0 | D:1      | lonewolfV2 the Demonspawn Conjurer began the quest for the
                  | Orb.
     0 | D:1      | Reached XP level 1. HP: 13/13 MP: 3/3
   233 | D:1      | Found Batuara's Antique Armour Shoppe.
   309 | D:1      | Gained mutation: Your movements are slightly less
                  | encumbered by armour. (ER -2) [demonic ancestry]
   309 | D:1      | Reached XP level 2. HP: 19/19 MP: 0/5
   312 | D:1      | Learned a level 2 spell: Searing Ray
  1136 | D:2      | Gained mutation: A weak demonic guardian rushes to your
                  | aid. [demonic ancestry]
  1136 | D:2      | Reached XP level 3. HP: 24/24 MP: 3/7
  1467 | D:2      | Found a snail-covered altar of Cheibriados.
  2095 | D:3      | You fall into a shaft and drop 2 floors!
  2095 | D:5      | Entered Level 5 of the Dungeon
  2131 | D:5      | Noticed an ogre
  2163 | D:5      | Reached XP level 4. HP: 6/30 MP: 1/9
  2163 | D:5      | Mangled by an ogre

Illustrated notes

Levels and vault maps discovered:
D:1:      zelgadis_glass_arrival_small, layout_basic, serial_shops,
          shop_fountains
D:2:      layout_basic, basic_altar
D:3:      layout_loops_ring, lemuel_round_altar, serial_shops, shop,
          hellmonk_ecumenical_altar_heavens_door, uniq_natasha, uniq_terence
D:5:      layout_basic, mainiacjoe_overflow_alcove_2,
          nicolae_ashenzari_panopticon, kennysheep_nondescript

Skill      XL: |  1  2 |
---------------+-------+-----
Spellcasting   | 3 |  3.6
Dodging        | |  1.7
Stealth        | |  1.7
Conjurations   | |  4.6

Action                     |  1- 3 |  4- 6 || total
---------------------------+-------+-------++-------
   Cast: Magic Dart        |    58 |     1 ||    59
         Searing Ray       |     4 |       ||     4
    Use: Scroll            |     3 |       ||     3
 Armour: Robe              |     5 |       ||     5
  Dodge: Dodged            |    16 |       ||    16
